 Dungeon Crawl Stone Soup version 0.29-a0-923-g6e406bff71 (webtiles) character file.

Game seed: 10256849650846687674

223 Gargoyl the Chopper (level 6, -8/38 HPs)
             Began as a Gargoyle Berserker on July 28, 2022.
             Was a Believer of Trog.
             Killed by divine providence
             ... invoked by an orc priest
              (16 damage)
             ... on level 4 of the Dungeon.
             The game lasted 00:04:00 (2423 turns).

Gargoyl the Chopper (Gargoyle Berserker)            Turns: 2423, Time: 00:04:00

Health: -8/38      AC: 11    Str: 21    XL:     6   Next: 0%
Magic:  6/6        EV: 11    Int:  7    God:    Trog [**....]
Gold:   61         SH:  0    Dex: 11    Spells: 5/5 levels left

rFire   . . .      SeeInvis .   a - +1 hand axe (vamp)
rCold   + . .      Faith    .   (no shield)
rNeg    + . .      Spirit   .   s - +0 ring mail
rPois   ∞          Reflect  .   i - +0 helmet
rElec   +          Harm     .   (no cloak)
rCorr   .          Rampage  .   (no gloves)
Will    ++...                   (no boots)
Stlth   +.........              k - amulet of the acrobat
HPRegen 1.12/turn               h - ring of protection from cold
MPRegen 0.10/turn               (no ring)

@: strong-willed, regenerating
A: sickness immunity, AC +4, negative energy resistance 1, electricity
resistance, torment resistance 1, petrification resistance
a: Renounce Religion, Berserk, Trog's Hand


You were on level 4 of the Dungeon.
You worshipped Trog.
Trog was pleased with you.
You visited 1 branch of the dungeon, and saw 5 of its levels.

You collected 61 gold pieces.

Inventory:

Hand Weapons
 a - a +1 vampiric hand axe (weapon)
 p - a +2 spear of venom
Armour
 i - a +0 helmet (worn)
 s - a +0 ring mail (worn)
Jewellery
 h - a ring of protection from cold (left hand)
 k - an amulet of the acrobat (around neck)
Wands
 d - a wand of flame (13)
Scrolls
 b - 2 scrolls of teleportation
 c - a scroll of magic mapping
 l - a scroll of identify
 q - a scroll of fear
Potions
 e - 2 potions of heal wounds {unknown}
 f - a potion of might
 g - a potion of lignification {unknown}
 j - a potion of curing {unknown}
 m - a potion of resistance {unknown}
 n - a potion of berserk rage {unknown}
 o - a potion of brilliance {unknown}


   Skills:
 + Level 4.2 Fighting
 + Level 4.4(4.5) Axes
 + Level 1.0(2.9) Polearms
 + Level 2.7 Armour
 + Level 2.4 Dodging
 + Level 0.8 Stealth


You had 5 spell levels left.
You didn't know any spells.
Your spell library was empty.

Dungeon Overview and Level Annotations

Branches:
Dungeon (5/15)
 Temple: D:4-7

Altars:
Gozag


Innate Abilities, Weirdness & Mutations

You are immune to sickness and miasma.
Your stone body is resilient. (AC +4)
You are immune to poison.
You resist negative energy. (rN+)
You are resistant to electric shocks. (rElec)
You are resistant to unholy torment.
You are immune to petrification.


Message History

The orc is heavily wounded.
You closely miss the scorpion. You hit the orc priest.
You feel better. The orc hits you with a +0 mace.
The orc priest looks satisfied for a moment.
The scorpion stings you but does no damage.
The orc priest hits you with a +0 war axe!
The orc hits you but does no damage.
You hit the orc priest.
You feel better.
The orc priest is heavily wounded.
You hit the scorpion but do no damage. You closely miss the orc.
The scorpion closely misses you.
The orc priest hits you but does no damage.
The orc hits you but does no damage.
Unknown command.
You hit the orc priest.
You feel better.
The orc priest is severely wounded.
You closely miss the orc. You hit the scorpion but do no damage.
The scorpion closely misses you.
The orc priest invokes the aid of Beogh against you.
Beogh smites you!
* * * LOW HITPOINT WARNING * * *
The orc hits you with a +0 mace.
* * * LOW HITPOINT WARNING * * *
The scorpion barely misses you.
You hit the orc priest but do no damage.
The orc priest is severely wounded.
You hit the scorpion.
You feel better.
You kill the scorpion!
Trog accepts your kill.
You hit the orc.
You kill the orc!
Trog accepts your kill.
The orc priest hits you but does no damage.
Your base Polearms skill increases to level 1!
You have reached level 6!
Your skin crawls.
You feel strong-willed.
The orc priest calls down the wrath of Beogh upon you.
Beogh smites you!
You die...

# ......#.....
.#.......#.....
..#.........# #
#..#.......#
.#.##.#......###.
.................
#...†)).......
##.....@)o#
#...†>..o##
...$.......#
.............#
...............
..$.............
###......#....#.
#......#.....
#........#...


You could see an orc priest and an orc.

Vanquished Creatures
  A scorpion (D:4)
  Jessica (D:2)
  2 adders (D:3)
  4 gnolls (D:2)
  2 dart slugs (D:1)
  9 orcs
  6 ball pythons
  9 bats
  8 endoplasms
  A giant cockroach (D:3)
  8 hobgoblins
  3 jackals (D:4)
  5 kobolds
  A quokka (D:1)
  2 frilled lizards (D:1)
  4 goblins
  5 rats
  2 toadstools (D:1)
73 creatures vanquished.

Vanquished Creatures (others)
  2 toadstools (D:1)
2 creatures vanquished.

Grand Total: 75 creatures vanquished

Notes
Turn   | Place    | Note
-------+----------+-------------------------------------------
     0 | D:1      | Gargoyl the Gargoyle Berserker began the quest for the Orb.
     0 | D:1      | Reached XP level 1. HP: 14/14 MP: 1/1
   151 | D:1      | Reached XP level 2. HP: 19/19 MP: 2/2
   171 | D:1      | Found a faded altar of an unknown god.
   890 | D:1      | Reached XP level 3. HP: 24/24 MP: 3/3
  1273 | D:2      | Reached ** piety under Trog
  1305 | D:2      | Found an opulent altar of Gozag.
  1320 | D:2      | Noticed Jessica
  1327 | D:2      | Killed Jessica
  1328 | D:2      | Reached XP level 4. HP: 23/29 MP: 4/4
  1874 | D:2      | Reached XP level 5. HP: 26/33 MP: 5/5
  2373 | D:3      | You fall into a shaft and drop 2 floors!
  2373 | D:5      | Entered Level 5 of the Dungeon
  2423 | D:4      | Reached skill level 1 in Polearms
  2423 | D:4      | Reached XP level 6. HP: 6/38 MP: 6/6
  2423 | D:4      | Killed from afar by an orc priest

Illustrated notes

Levels and vault maps discovered:
D:1:      ldierk_water_garden, layout_loops_cross,
          shapermc_ecumenical_altar_venn, minmay_tetromino_l2
D:2:      layout_basic, basic_altar, uniq_jessica
D:3:      layout_basic, chequers_temple_overflow_minitemple,
          grunt_decor_fettered, nrook_campfire, lexackson_kobold_supper,
          uniq_crazy_yiuf_cottage
D:4:      layout_cave_pools, enter_ossuary_3
D:5:      layout_loops_ring, vehumet_altar_wand_db, makhleb_heckhound_becter,
          minmay_temple_entry_from_below_a, nicolae_shop_gadgets

Skill      XL: |  1  2  3  4  5 |
---------------+----------------+-----
Axes           | 3 4 |  4.4
Dodging        | 2 |  2.4
Fighting       | 4 |  4.2
Polearms       | 1 |  1.0
Armour         | |  2.7
Stealth        | |  0.8

Action                   |  1- 3 |  4- 6 || total
-------------------------+-------+-------++-------
Melee: Hand axe          |    96 |    87 ||   183
       Punch             |       |     1 ||     1
       Spear             |       |    39 ||    39
Invok: Trog's Hand       |       |     2 ||     2
       Berserk           |       |     1 ||     1
  Use: Scroll            |     4 |     2 ||     6
 Stab: Sleeping          |       |     1 ||     1
Armor: Animal skin       |    46 |    33 ||    79
       Ring mail         |       |    33 ||    33
Dodge: Dodged            |    72 |   135 ||   207

Table legend: (Time is in decaauts)
 A = Elapsed time spent in this place.
 B = Non-inter-level travel time spent in this place.
 C = Inter-level travel time spent in this place.
 D = Time resting spent in this place.
 E = Time spent auto-exploring this place.
 F = Levels seen in this place.
 G = Mean time per level.
                   A        B        C        D        E       F      G
               +--------+--------+--------+--------+--------+-----+--------+
         Total |   2453 |   2399 |     54 |      0 |   1778 |   5 |  490.6 |
       Dungeon |   2453 |   2399 |     54 |      0 |   1778 |   5 |  490.6 |
               +--------+--------+--------+--------+--------+-----+--------+

Top non-repeatable levels by time:
     D:1: 1236 daAuts
     D:2: 781 daAuts
     D:3: 382 daAuts
     D:4: 31 daAuts
     D:5: 20 daAuts
